 Dungeon Crawl Stone Soup version 0.14.0-9-g9c5475a (webtiles) character file.

32 RogerD the Ducker (level 2, -2/11 HPs)
             Began as a Felid Ice Elementalist on Apr 13, 2014.
             Slain by a worm (11 damage)
             ... on Level 2 of the Dungeon.
             The game lasted 00:09:06 (691 turns).

RogerD the Ducker (Felid Ice Elementalist)           Turns: 691, Time: 00:09:06

HP  -2/11        AC  1     Str  4      XL: 2   Next: 86%
MP   0/5         EV 18     Int 16      God:
Gold 7           SH  0     Dex 16      Spells:  2 memorised,  2 levels left
Lives: 0, deaths: 0

rFire  . . .     SeeInvis +     (weapon unavailable)
rCold  . . .     Clarity  .     (armour unavailable)
rNeg   . . .     Conserve .     (shield unavailable)
rPois  .         rCorr    .     (helmet unavailable)
rElec  .         rRot     .     (cloak unavailable)
SustAb . .       Spirit   +     (gloves unavailable)
rMut   .         Warding  .     (boots unavailable)
Saprov . . .     Stasis   .     a - amulet of guardian spirit
MR     .....                    (no ring)
                                (no ring)

@: quick, not resistant to hostile enchantments, quite stealthy
A: paw claws, no armour, no weapons or thrown items, fangs 3, see invisible,
carnivore 3, speed 1, shaggy fur 1, slow metabolism 1, jump 1
a: Jump Attack


You were on level 2 of the Dungeon.
You were not hungry.

You visited 1 branch of the dungeon, and saw 2 of its levels.

You collected 7 gold pieces.

Inventory:

Comestibles
 c - a meat ration
 d - an apple
Scrolls
 g - a scroll of identify {unknown}
Jewellery
 a - an amulet of guardian spirit (around neck)
Potions
 e - a potion of heal wounds {unknown}
 f - a potion of curing {unknown}
Books
 b - a book of Frost

   Spells                             Type                      Level
   *Freeze                            Ice                          1
   *Throw Frost                       Conjuration/Ice              2
   Ozocubu's Armour                   Charms/Ice                   3
   Throw Icicle                       Conjuration/Ice              4
   Summon Ice Beast                   Ice/Summoning                4
   Condensation Shield                Ice                          4


   Skills:
 + Level 0.2 Fighting
 + Level 3.1 Dodging
 + Level 3.1 Stealth
 + Level 0.2 Unarmed Combat
 + Level 2.2 Spellcasting
 + Level 1.0 Conjurations
 + Level 2.7 Ice Magic


You had 2 spell levels left.
You knew the following spells:

 Your Spells              Type           Power        Failure   Level  Hunger
a - Freeze                Ice            ##..         10%         1    #......
b - Throw Frost           Conj/Ice       #.....       17%         2    ##.....


Dungeon Overview and Level Annotations

Branches:
Dungeon (2/15)

Altars:


Innate Abilities, Weirdness & Mutations

You cannot wear armour.
You are incapable of wielding weapons or throwing items.
Your paws have sharp claws.
You have razor-sharp teeth.
You have supernaturally acute eyesight.
You are carnivorous and can eat meat at any time.
You cover ground quickly.
You are covered in fur (AC +1).
You have a slow metabolism.
You can jump attack at a short distance.


Message History

The quokka is severely wounded.
Casting: Throw Frost
Confirm with . or Enter, or press ? or * to list all spells.
Aiming: Throw Frost
Press: ? - help, Shift-Dir - straight line, f/p - quokka
Aim: a quokka (severely wounded)
The puff of frost hits the quokka.
You kill the quokka!
You scratch the worm.
The worm is lightly wounded.
You scratch the worm. Your bite misses the worm.
The worm is lightly wounded.
The worm closely misses you.
You barely miss the worm. You bite the worm.
The worm is lightly wounded.
You scratch the worm. Your bite misses the worm.
The worm is moderately wounded.
The worm bites you!
Ouch! That really hurt!
You die...

######### #.......#
#.<.....# #......?###
#...%..... #.......#
#....w..# ##@# #..#
##.## #.# #..# #.#
##'####### ####.###
#........# #.......
#........# #.......
#........# #.......
#........#####.......


You could see a worm.

Vanquished Creatures
  An adder (D:2)
  An ooze (D:2)
  A giant cockroach (D:1)
  2 goblins (D:1)
  2 hobgoblins (D:1)
  2 jackals (D:1)
  A quokka (D:2)
  3 bats
  2 kobolds
  2 rats (D:1)
17 creatures vanquished.

Notes
Turn   | Place    | Note
--------------------------------------------------------------
     0 | D:1      | RogerD, the Felid Ice Elementalist, began the quest for the Orb.
     0 | D:1      | Reached XP level 1. HP: 7/7 MP: 4/4
   155 | D:1      | Reached skill level 3 in Dodging
   324 | D:1      | Reached XP level 2. HP: 6/11 MP: 3/5
   530 | D:2      | Learned a level 2 spell: Throw Frost
   632 | D:2      | Reached skill level 1 in Conjurations
   691 | D:2      | Slain by a worm

Action                   || total
-------------------------++-------
Melee: Unarmed           ||    74
 Cast: Throw Frost       ||     6
       Freeze            ||     5
 Stab: Sleeping          ||     2
